 Dungeon Crawl Stone Soup version 0.30-a0-711-gf4ac18a38d (webtiles) character file.

Game seed: 5625275615471879707

95 bande the Trooper (level 4, 0/29 HPs)
             Began as a Gargoyle Fighter on Jan 23, 2023.
             Frozen to death by an endoplasm (5 damage)
             ... on level 3 of the Dungeon.
             The game lasted 00:02:57 (1240 turns).

bande the Trooper (Gargoyle Fighter)                Turns: 1240, Time: 00:02:57

Health: 0/29       AC: 10    Str: 20    XL:     4   Next: 65%
Magic:  4/4        EV: 14    Int:  8    God:
Gold:   95         SH:  5    Dex: 17    Spells: 3/3 levels left

rFire   . . .      SeeInvis .    a - +0 war axe
rCold   . . .      Faith    .    c - +0 buckler
rNeg    + . .      Spirit   .    b - +0 scale mail
rPois   ∞          Reflect  .    (no helmet)
rElec   +          Harm     .    (no cloak)
rCorr   .          Rampage  .    (no gloves)
Will    .....                    (no boots) Stlth
                                 (no amulet)
HPRegen 0.24/turn                g - +5 ring of evasion
MPRegen 0.09/turn                i - +6 ring of dexterity

@: no status effects
A: sickness immunity, AC +3, negative energy resistance 1, electricity
resistance, torment resistance 1, petrification resistance
a: no special abilities


You were on level 3 of the Dungeon.
You visited 1 branch of the dungeon, and saw 3 of its levels.

You collected 95 gold pieces.

Inventory:

Hand Weapons
 a - a +0 war axe (weapon)
Armour
 b - a +0 scale mail (worn)
 c - a +0 buckler (worn)
Jewellery
 g - a +5 ring of evasion (left hand)
 i - a +6 ring of dexterity (right hand)
Wands
 p - a wand of flame (20)
Scrolls
 e - 3 scrolls of identify {unknown}
 k - a scroll of magic mapping {unknown}
 m - 3 scrolls of teleportation {unknown}
 n - 2 scrolls of immolation {unknown}
Potions
 d - a potion of might
 f - a potion of mutation {unknown}
 h - a potion of resistance {unknown}
 j - 3 potions of invisibility {unknown}
 l - a potion of lignification {unknown}
 o - a potion of curing {unknown}


   Skills:
 + Level 3.9 Fighting
 + Level 3.1 Axes
 + Level 3.9 Armour
 + Level 3.6 Shields
 * Level 0.2 Evocations


You had 3 spell levels left.
You didn't know any spells.
Your spell library contained the following spells:

 Spells                   Type           Power      Damage    Failure   Level
 Kiss of Death            Conj/Necr      0%         2d5       85%         1
 Confusing Touch          Hex            0%         N/A       99%         3
 Dispel Undead            Necr           0%         3d6       100%        4


Dungeon Overview and Level Annotations

Branches:
Dungeon (3/15)

Altars:

Annotations:
D:3 Sigmund


Innate Abilities, Weirdness & Mutations

You are immune to sickness and miasma.
Your stone body is resilient. (AC +3)
You are immune to poison.
You resist negative energy. (rN+)
You are resistant to electric shocks. (rElec)
You are resistant to unholy torment.
You are immune to petrification.


Message History

The orc barely misses you.
You are too confused!
You are too confused!
You are too confused!
You are too confused!
You are too confused!
You are too confused!
You are too confused!
You are too confused!
Unknown command.
You're too confused to move!
Something hits you. The orc barely misses you.
Unknown command.
You barely miss something. You hit the orc but do no damage.
The orc hits you with a +0 falchion.
An orc priest comes into view. It is wielding a +0 war axe.
Something hits you but does no damage.
Unknown command.
You bump into the rock wall.
The orc hits you with a +0 falchion. Something hits you but does no damage.
Unknown command.
You're too confused to move!
The orc barely misses you. The orc misses you.
Unknown command.
You're too confused to move!
You feel less confused. Something hits you!
* * * LOW HITPOINT WARNING * * *
The orc misses you. The orc closely misses you.
You hit the orc but do no damage. You closely miss the orc.
The orc hits you with a +0 dagger.
* * * LOW HITPOINT WARNING * * *
The orc closely misses you. Something hits you.
* * * LOW HITPOINT WARNING * * *
Unknown command.
You slash the orc!
You kill the orc!
You hit the orc but do no damage. You block something's attack.
The orc completely misses you. The endoplasm freezes you.
You are frozen.
You die...

.... #.###..# .......##
# #.##.... # #.##...# #
#.##o.. # ## #.##o{# .
.. #.##J.# #
#.#######.##@o##### #
#...................
########.#######.#####.#
<........# #.#
...####.## #.# ##.# #.#
#.# ##.# #.# #.# ##.#
#.# #.# ##.# #.# .#


You could see an orc priest, 2 orcs and an endoplasm.

Vanquished Creatures
  3 adders (D:2)
  A worm (D:2)
  A dart slug (D:1)
  An orc (D:3)
  4 ball pythons
  6 bats
  6 endoplasms
  3 giant cockroaches (D:1)
  5 goblins
  5 hobgoblins
  7 kobolds
  4 quokkas
  13 frilled lizards
  2 rats
61 creatures vanquished.

Vanquished Creatures (others)
  4 plants (D:3)
4 creatures vanquished.

Grand Total: 65 creatures vanquished

Notes
Turn   | Place    | Note
-------+----------+-------------------------------------------
     0 | D:1      | bande the Gargoyle Fighter began the quest for the Orb.
     0 | D:1      | Reached XP level 1. HP: 14/14 MP: 1/1
    59 | D:1      | Reached XP level 2. HP: 19/19 MP: 2/2
   219 | D:1      | Reached XP level 3. HP: 24/24 MP: 3/3
   222 | D:1      | Found a faded altar of an unknown god.
   802 | D:2      | Reached XP level 4. HP: 29/29 MP: 4/4
  1228 | D:3      | Noticed Sigmund
  1240 | D:3      | Frozen to death by an endoplasm

Illustrated notes

Levels and vault maps discovered:
D:1:      minmay_arrival_glassed_features, layout_rooms,
          dreamdust_ecumenical_altar_statues
D:2:      minmay_angry_zag, layout_basic, minmay_pentomino_z4
D:3:      layout_loops_ring, minmay_lizard_king, uniq_sigmund, uniq_grinder,
          uniq_natasha

Skill      XL: |  1  2  3  4 |
---------------+-------------+-----
Axes           | 2 3 |  3.1
Fighting       | |  3.9
Armour         | |  3.9
Shields        | |  3.6
Evocations     | |  0.2

Action                     |  1- 3 |  4- 6 || total
---------------------------+-------+-------++-------
  Melee: War axe           |    81 |    74 ||   155
 Armour: Scale mail        |    29 |    20 ||    49
  Dodge: Dodged            |    49 |    57 ||   106
  Block: Buckler           |    24 |    12 ||    36

Table legend: (Time is in decaauts)
 A = Elapsed time spent in this place.
 B = Non-inter-level travel time spent in this place.
 C = Inter-level travel time spent in this place.
 D = Time resting spent in this place.
 E = Time spent auto-exploring this place.
 F = Levels seen in this place.
 G = Mean time per level.
                   A        B        C        D        E       F      G
               +--------+--------+--------+--------+--------+-----+--------+
         Total |   1302 |   1286 |     16 |      0 |    897 |   3 |  434.0 |
       Dungeon |   1302 |   1286 |     16 |      0 |    897 |   3 |  434.0 |
               +--------+--------+--------+--------+--------+-----+--------+

Top non-repeatable levels by time:
     D:2: 718 daAuts
     D:1: 497 daAuts
     D:3: 86 daAuts
